 Dungeon Crawl Stone Soup version 0.23-a0-14-g8c9a20f (webtiles) character file.

8071 Loudmushroom the Cleaver (level 11, -2/99 HPs)
             Began as a Minotaur Berserker on July 31, 2018.
             Was an Elder of Trog.
             Slain by an orc warrior
             ... wielding a +1 antimagic broad axe
              (11 damage)
             ... on level 9 of the Dungeon on Aug 2, 2018.
             The game lasted 01:46:32 (9144 turns).

Loudmushroom the Cleaver (Minotaur Berserker)       Turns: 9144, Time: 01:46:33

Health: -2/99      AC: 21    Str: 27    XL:     11   Next: 5%
Magic:  10/10      EV: 12    Int:  4    God:    Trog [****..]
Gold:   259        SH:  0    Dex: 13    Spells: 10/10 levels left

rFire    + . .     SeeInvis .   a - +1 broad axe
rCold    . . .     Gourm    .   (no shield)
rNeg     . . .     Faith    .   A - +0 plate armour
rPois    +         Spirit   .   (helmet restricted)
rElec    .         Reflect  .   x - +2 cloak
rCorr    .         Harm     .   r - +2 pair of gloves
MR       .....                  (no boots)
Stlth    ..........             (no amulet)
HPRegen  0.26/turn              P - ring of poison resistance
MPRegen  0.12/turn              o - ring of protection from fire

@: mighty, lethally poisoned (-2 -> -3), berserk cooldown, slowed, very slow
A: retaliatory headbutt, horns 2
a: Berserk, Trog's Hand, Brothers in Arms, Renounce Religion


You were on level 9 of the Dungeon.
You worshipped Trog.
Trog was greatly pleased with you.
You were very hungry.

You visited 1 branch of the dungeon, and saw 9 of its levels.

You collected 539 gold pieces.
You spent 280 gold pieces at shops.

Inventory:

Hand Weapons
 a - a +1 broad axe (weapon)
 b - a +0 shortbow
 h - a +3 battleaxe of freezing
 i - a +3 scimitar of flaming
 k - a +3 antimagic battleaxe
 y - a +0 great mace
 C - the +4 spear of Cowkouf {pierce, +Inv rN+}
   (You found it on level 4 of the Dungeon)

   It inflicts extra damage upon your enemies.
   It protects you from negative energy.
   It lets you turn invisible.
 J - a cursed +0 morningstar
 M - a +3 hand axe of draining
Missiles
 e - 15 tomahawks
 q - 123 arrows
 s - 28 poisoned needles
 D - 3 steel tomahawks (quivered)
Armour
 r - a +2 pair of gloves (worn)
 x - a +2 cloak (worn)
 A - a +0 plate armour (worn)
 H - the +0 ring mail "Duolorug" {rC+++}
   (You found it on level 8 of the Dungeon)

   It renders you almost immune to cold.
Jewellery
 l - an uncursed ring of see invisible
 o - a ring of protection from fire (right hand)
 w - a +2 ring of strength
 z - an uncursed ring of flight
 P - a ring of poison resistance (left hand)
Wands
 I - a wand of flame (27)
Scrolls
 f - 4 scrolls of teleportation
 n - 3 scrolls of remove curse
 v - a scroll of immolation {unknown}
 K - 3 scrolls of identify
 O - a scroll of enchant armour
Potions
 d - a potion of resistance
 g - 2 potions of haste
 j - 7 potions of curing
 m - a potion of flight {unknown}
 p - a potion of cancellation {unknown}
 t - a potion of might
 B - a potion of berserk rage {unknown}
 E - a potion of lignification {unknown}
 F - 2 potions of mutation
 G - 2 potions of brilliance {unknown}
Comestibles
 c - 17 rations
 u - 14 chunks of flesh


   Skills:
 + Level 9.9 Fighting
 * Level 13.0 Axes
 + Level 9.6 Armour
 + Level 8.7 Dodging


You had 10 spell levels left.
You didn't know any spells.
Your spell library contained the following spells:

 Spells                   Type           Power        Failure   Level  Hunger
 Cause Fear               Hex            #.........   100%        4    #####..
 Magic Dart               Conj           #...         99%         1    ##.....
 Conjure Flame            Conj/Fire      #.......     100%        3    ####...
 Slow                     Hex            #.......     100%        2    ###....
 Mephitic Cloud           Conj/Pois/Air  #.......     100%        3    ####...
 Summon Small Mammal      Summ           #...         99%         1    ##.....
 Blink                    Tloc           N/A          100%        2    ###....
 Summon Ice Beast         Ice/Summ       #.......     100%        4    #####..
 Call Imp                 Summ           #.......     100%        2    ###....
 Call Canine Familiar     Summ           #.......     100%        3    ####...
 Corona                   Hex            #......      99%         1    ##.....
 Portal Projectile        Hex/Tloc       #.....       100%        3    ####...
 Leda's Liquefaction      Hex/Erth       #.........   100%        4    #####..
 Inner Flame              Hex/Fire       #.......     100%        3    ####...
 Summon Lightning Spire   Summ/Air       #.......     100%        4    #####..
 Summon Guardian Golem    Hex/Summ       #.......     100%        3    ####...


Dungeon Overview and Level Annotations

Branches:
Dungeon (9/15)             Temple (0/1) D:5            Lair (0/6) D:8
    Orc: D:9-12

Altars:
Cheibriados
Nemelex Xobeh
Xom
Beogh

Shops:
D:8 =

Annotations:
D:8 2 transporters, mhoghedin's ghost, novice KoCj


Innate Abilities, Weirdness & Mutations

You reflexively headbutt those who attack you in melee.
You have a pair of horns on your head.


Message History

Found a glowing leather armour.
You feel sick.
You feel sick.
Your skin stops crawling.
You feel less resistant to hostile enchantments.
You feel sick. The orc warrior barely misses you. You furiously retaliate!
You headbutt the orc warrior.
You feel very mighty all of a sudden. The orc warrior barely misses you.
The orc warrior closely misses you. You furiously retaliate!
You headbutt the orc warrior, but do no damage.
The orc warrior closely misses you.
You slash the orc warrior! Your headbutt misses the orc warrior.
The orc warrior is severely wounded.
You hit the orc warrior but do no damage.
You feel sick.
The orc warrior hits you but does no damage.
The orc warrior closely misses you.
The orc warrior hits you with an antimagic broad axe!
You die...

#############
#######...........#
........########8.#
........#8.....#@.#
#########..##..#oo#
# ..8#..#oo# #
..##.o#o.#
....#)#..# ####
[...#.h..# ...#
#_.8.#.'..# ...#
#[)..#.'.## ...#
#)...#.#.#


You could see a warg, 3 orc warriors, an orc priest and 2 orcs.

Vanquished Creatures
  The ghost of conein the Thaumaturge, a novice FoEE of Sif Muna (D:9)
  Pikel (D:7)
  An efreet (D:9)
  A troll (D:9)
  Grinder (D:6)
  5 slime creatures (D:8)
  A hippogriff (D:7)
  A wraith (D:9)
  A vampire (D:7)
  Grum (D:7)
  A steam dragon (D:8)
  Menkaure (D:5)
  Edmund (D:5)
  Duvessa (D:6)
  5 orc warriors
  4 ice beasts
  A sky beast (D:9)
  A phantom (D:6)
  A slave (D:7)
  3 ogres
  3 wolves
  2 centaurs
  A big kobold (D:9)
  2 bullfrogs
  Dowan (D:6)
  A water moccasin skeleton (D:8)
  3 scorpions
  4 killer bees (D:7)
  7 wights
  3 crimson imps
  A jelly (D:8)
  5 hounds
  11 orc priests
  Crazy Yiuf (D:5)
  3 iguanas
  5 worker ants
  15 orc wizards
  3 bullfrog skeletons
  A hound skeleton (D:7)
  3 gnolls (D:2)
  12 adders
  11 river rats (D:6)
  2 shadow imps
  2 oozes
  3 worms
  A dart slug (D:3)
  3 leopard geckos
  41 orcs
  6 bats
  2 giant cockroaches
  6 goblins
  13 hobgoblins
  12 jackals
  8 quokkas
  A ball python (D:2)
  2 frilled lizards
  2 kobolds
  2 leopard gecko skeletons (D:6)
  A quokka skeleton (D:7)
  18 rats
256 creatures vanquished.

Vanquished Creatures (others)
  A bullfrog skeleton (D:5)
  An orc (D:8)
  A quokka (D:7)
3 creatures vanquished.

Grand Total: 259 creatures vanquished

Notes
Turn   | Place    | Note
-------+----------+-------------------------------------------
     0 | D:1      | Loudmushroom the Minotaur Berserker began the quest for the Orb.
     0 | D:1      | Reached XP level 1. HP: 19/19 MP: 0/0
   200 | D:1      | Reached XP level 2. HP: 27/27 MP: 1/1
   360 | D:1      | Reached skill level 4 in Axes
   835 | D:2      | Reached XP level 3. HP: 33/33 MP: 2/2
  1044 | D:2      | Reached XP level 4. HP: 35/40 MP: 3/3
  1272 | D:2      | Reached ** piety under Trog
  1609 | D:3      | Reached skill level 5 in Axes
  1918 | D:3      | Reached XP level 5. HP: 47/47 MP: 4/4
  2522 | D:4      | Reached XP level 6. HP: 32/55 MP: 5/5
  2530 | D:4      | Reached skill level 6 in Axes
  2535 | D:4      | Reached *** piety under Trog
  2756 | D:4      | Reached skill level 5 in Fighting
  2917 | D:4      | Got an ichor-stained spear
  3382 | D:4      | Identified the +4 spear of Cowkouf {pierce, +Inv rN+} (You found it on level 4 of the Dungeon)
  3408 | D:5      | Entered Level 5 of the Dungeon
  3449 | D:5      | Found a transporter.
  3489 | D:5      | Noticed Menkaure
  3500 | D:5      | Killed Menkaure
  3500 | D:5      | Reached XP level 7. HP: 56/61 MP: 6/6
  3512 | D:5      | Found a transporter.
  3644 | D:5      | Reached skill level 7 in Axes
  3644 | D:5      | Reached skill level 5 in Armour
  4121 | D:5      | Noticed Edmund
  4133 | D:5      | Killed Edmund
  4133 | D:5      | Reached XP level 8. HP: 70/70 MP: 7/7
  4138 | D:5      | Reached skill level 5 in Dodging
  4170 | D:5      | Found a staircase to the Ecumenical Temple.
  4499 | D:5      | Reached skill level 8 in Axes
  4644 | D:5      | Found a runed door.
  4648 | D:5      | Noticed Crazy Yiuf
  4653 | D:5      | Killed Crazy Yiuf
  4705 | D:6      | Noticed Duvessa
  4717 | D:6      | Noticed Dowan
  4719 | D:6      | Killed Duvessa
  4729 | D:6      | Killed Dowan
  4916 | D:6      | Noticed Grinder
  4931 | D:6      | Reached skill level 9 in Axes
  4942 | D:6      | Killed Grinder
  5075 | D:6      | Reached XP level 9. HP: 75/79 MP: 8/8
  5556 | D:6      | Reached **** piety under Trog
  5635 | D:6      | Reached skill level 10 in Axes
  5846 | D:7      | Upgraded the game from 0.23-a0-4-g8f018a2 to 0.23-a0-8-gb809bb7
  5873 | D:7      | Found a shimmering altar of Xom.
  6496 | D:7      | Noticed Pikel
  6511 | D:7      | Killed Pikel
  6606 | D:7      | Found a sparkling altar of Nemelex Xobeh.
  6639 | D:7      | Reached skill level 11 in Axes
  6731 | D:8      | Noticed Grum
  6749 | D:7      | Killed Grum
  7020 | D:7      | Reached ***** piety under Trog
  7020 | D:7      | Reached XP level 10. HP: 58/90 MP: 9/9
  7374 | D:8      | Got a heavily runed ring mail
  7385 | D:8      | Identified the cursed +0 ring mail "Duolorug" {rC+++} (You found it on level 8 of the Dungeon)
  7430 | D:8      | Found a transporter.
  7453 | D:8      | Upgraded the game from 0.23-a0-8-gb809bb7 to 0.23-a0-14-g8c9a20f
  7456 | D:8      | Found a transporter.
  7457 | D:8      | Reached skill level 12 in Axes
  7566 | D:8      | Noticed mhoghedin's ghost (novice KoCj)
  7592 | D:8      | Found a staircase to the Lair.
  7629 | D:8      | Found Ippuc's Jewellery Boutique.
  7637 | D:8      | Bought an uncursed ring of poison resistance for 280 gold pieces
  7720 | D:8      | Found a snail-covered altar of Cheibriados.
  7938 | D:9      | Received a gift from Trog
  9109 | D:9      | Found a runed gate.
  9109 | D:9      | Noticed conein's ghost (novice FoEE)
  9111 | D:9      | Found a runed gate.
  9112 | D:9      | Found a runed gate.
  9119 | D:9      | Found a roughly hewn altar of Beogh.
  9136 | D:9      | Killed conein's ghost
  9136 | D:9      | Reached skill level 13 in Axes
  9136 | D:9      | Reached XP level 11. HP: 11/99 MP: 10/10
  9144 | D:9      | Slain by an orc warrior

Vault maps used:
D:1:      saegor_arrival_simple_a
D:2:      st_stairs_11
D:4:      serial_bayou_pond_a, grunt_ministairs_8
D:5:      gammafunk_cloud_chamber, minmay_temple_entry_mist, first_ration,
          minivault_5, lemuel_flamethrower_1, uniq_menkaure, uniq_edmund,
          uniq_crazy_yiuf_cottage
D:6:      lemuel_ratsnest, uniq_duvessa, uniq_grinder
D:7:      basic_altar, nemelex_xobeh_ov_fountains_minmay, uniq_pikel
D:8:      kennysheep_mini, lair_entry_dummy, gammafunk_ghost_mausoleum,
          serial_shops, shop_fountains, uniq_grum
D:9:      kennysheep_big_flooded_room, biasface_ghost_orc_armoury,
          blue_anna_alchemist

Skill      XL: |  1  2  3  4  5  6  7  8  9 10 |
---------------+-------------------------------+-----
Axes           | 4 5 6 7 9 11 13 | 13.0
Fighting       | 4 5 6 7 8 9 |  9.9
Armour         | 3 4 5 6 8 9 |  9.6
Dodging        | 3 4 6 7 8 |  8.7

Action                   |  1- 3 |  4- 6 |  7- 9 | 10-12 || total
-------------------------+-------+-------+-------+-------++-------
Melee: Hand axe          |    60 |   169 |   132 |       ||   361
       Headbutt          |    12 |    32 |    62 |    32 ||   138
       Broad axe         |       |       |   134 |   177 ||   311
 Fire: Hunting sling     |       |       |     3 |       ||     3
       Shortbow          |       |       |     5 |     3 ||     8
Throw: Stone             |     5 |       |       |       ||     5
       Tomahawk          |       |       |     1 |       ||     1
Invok: Trog's Hand       |       |     4 |     4 |     7 ||    15
       Berserk           |       |       |     3 |     3 ||     6
  Use: Scroll            |       |    10 |     8 |     1 ||    19
       Potion            |       |       |       |     1 ||     1
  Eat: Chunk             |       |     9 |    12 |     5 ||    26
       Ration            |       |       |     1 |     2 ||     3
Armor: Scale mail        |    34 |    25 |       |       ||    59
       Plate armour      |       |    57 |   170 |   129 ||   356
Dodge: Dodged            |    20 |    49 |    93 |    76 ||   238
Block: Shield            |       |    29 |    43 |       ||    72

Table legend:
 A = Spawn XP
 B = Non-spawn XP
 C = Spawn XP percentage of total XP
 D = Spawn monster count
 E = Non-spawn monster count
 F = Spawn count percentage of total count
 G = Total turns spent on level
                    A         B        C        D         E        F      G
               +---------+---------+-------+---------+---------+-------+---------
         Total |       0 |   11531 |   0.0 |       0 |     256 |   0.0 |  9144
               +---------+---------+-------+---------+---------+-------+---------
           D:1 |       0 |      22 |   0.0 |       0 |      11 |   0.0 |   729
           D:2 |       0 |     115 |   0.0 |       0 |      23 |   0.0 |   853
           D:3 |       0 |      66 |   0.0 |       0 |      22 |   0.0 |   603
           D:4 |       0 |     474 |   0.0 |       0 |      26 |   0.0 |  1223
           D:5 |       0 |    1040 |   0.0 |       0 |      21 |   0.0 |  1310
           D:6 |       0 |    1677 |   0.0 |       0 |      55 |   0.0 |  1125
           D:7 |       0 |    2422 |   0.0 |       0 |      25 |   0.0 |  1374
           D:8 |       0 |    2285 |   0.0 |       0 |      24 |   0.0 |   648
           D:9 |       0 |    3430 |   0.0 |       0 |      49 |   0.0 |  1279
               +---------+---------+-------+---------+---------+-------+---------
